 Dungeon Crawl Stone Soup version 0.22-a0-567-gff9aefc (webtiles) character file.

14 Amnesiac the Ducker (level 2, -3/16 HPs)
             Began as a Spriggan Fighter on June 29, 2018.
             Killed from afar by an orc wizard (10 damage)
             ... with a puff of flame
             ... on level 3 of the Dungeon.
             The game lasted 00:01:22 (1092 turns).

Amnesiac the Ducker (Spriggan Fighter)              Turns: 1092, Time: 00:01:22

Health: -3/16      AC:  2    Str: 12    XL:     2   Next: 27%
Magic:  3/3        EV: 19    Int:  9    God:
Gold:   21         SH:  6    Dex: 15    Spells: 1/1 levels left

rFire    . . .     SeeInvis +   a - +0 rapier
rCold    . . .     Gourm    .   c - +0 buckler
rNeg     . . .     Faith    .   b - +0 robe
rPois    .         Spirit   .   (helmet restricted)
rElec    .         Reflect  .   (no cloak)
rCorr    .         Harm     .   (gloves unavailable)
MR       .....                  (boots unavailable)
Stlth    ++........             (no amulet)
HPRegen  0.05/turn              (no ring)
MPRegen  0.08/turn              (no ring)

@: very quick
A: very small, unfitting armour, see invisible, herbivore, speed 3, slow
metabolism 2
a: no special abilities


You were on level 3 of the Dungeon.
You were not hungry.

You visited 1 branch of the dungeon, and saw 4 of its levels.

You collected 21 gold pieces.

Inventory:

Hand Weapons
 a - a +0 rapier (weapon)
Armour
 b - a +0 robe (worn)
 c - a +0 buckler (worn)
Scrolls
 e - a scroll of amnesia {!r, unknown}
 i - 2 scrolls of remove curse {!r, unknown}
 j - a scroll of identify {!r, unknown}
 k - a scroll of teleportation {!r, unknown}
Potions
 d - a potion of might {!q}
 g - a potion of brilliance {!q, unknown}
 h - 2 potions of heal wounds {!q, unknown}
Comestibles
 f - 4 rations


   Skills:
 - Level 2.4 Fighting
 * Level 2.3 Short Blades
 + Level 4.4 Dodging
 + Level 2.2 Stealth
 - Level 2.4 Shields


You had one spell level left.
You didn't know any spells.
Your spell library was empty.

Dungeon Overview and Level Annotations

Branches:
Dungeon (4/15)
 Temple: D:4-7

Altars:


Innate Abilities, Weirdness & Mutations

You are very small and have problems with some larger weapons.
You are too small for most types of armour.
You have supernaturally acute eyesight. (SInv)
You are a herbivore.
You cover ground extremely quickly.
You need to consume almost no food.


Message History

You see here a stone.
You see here a stone.
You open the door.
There is an open door here.
There is an open door here.
There is a stone staircase leading down here.
You climb downwards.
There is a stone staircase leading up here.
You climb upwards.
There is a stone staircase leading down here.
There is an open door here.
There is an open door here.
There is a stone staircase leading down here.
You climb downwards.
Found a stone staircase leading down.
There is a stone staircase leading up here.
An adder comes into view.
The adder hisses angrily.
Found a silvery potion.
There is a stone staircase leading down here.
Unknown command.
You climb downwards.
A giant cockroach, 3 orcs and 2 orc wizards come into view.
An orc wizard is wielding a dagger of pain.
The orc wizard shouts! x2
Found a scroll labeled ZUBINOM JALUCK.
Found a stone staircase leading up.
There is a stone staircase leading up here.
Found a ration.
An adder comes into view.
Found 17 gold pieces.
You see here a ration.
f - 4 rations (gained 1)
Found a scroll labeled HENUNW EQEG.
You see here a scroll labeled ZUBINOM JALUCK {!r}.
k - a scroll labeled ZUBINOM JALUCK {!r} The orc wizard casts a spell at you.
You resist with some effort.
A rat comes into view.
Found 23 sling bullets.
Found a stone staircase leading down.
Found a grey potion.
There is a stone staircase leading down here.
You climb downwards. 4 orcs, an orc wizard and an ogre come into view.
Found a scroll labeled ZUBINOM JALUCK and 11 gold pieces.
There is a stone staircase leading up here.
The helpless orc wizard fails to defend itself.
You puncture the orc wizard!
The orc wizard is almost dead.
The orc shouts! x3
The orc wizard hits you with a dagger. The orc hits you with a short sword.
* * * LOW HITPOINT WARNING * * *
The orc completely misses you.
The orc wizard gestures wildly while chanting.
The orc wizard flickers and vanishes for a moment.
You climb upwards.
There is a stone staircase leading down here.
You completely miss the orc wizard.
The orc wizard is almost dead.
The orc misses you. You block the orc's attack.
The orc wizard casts a spell at you. The puff of flame hits you!
Ouch! That really hurt!
You die...

......###.# .....r...!.
#.#.......###..........
#.......#.....##.......
##......#...#.##.......
#.......###.#.##......#
#.?.........#.##......#
.......##.....#.......#
.......#####....o##...#
........ ###.o@...#
#.o......# ...........#
#######.....# .(.....
....... ....... ###...≈


You could see an orc wizard (invisible) and 2 orcs.

Vanquished Creatures
  4 bats (D:1)
  4 kobolds
  A frilled lizard (D:1)
  6 rats
15 creatures vanquished.

Notes
Turn   | Place    | Note
-------+----------+-------------------------------------------
     0 | D:1      | Amnesiac the Spriggan Fighter began the quest for the Orb.
     0 | D:1      | Reached XP level 1. HP: 11/11 MP: 2/2
   107 | D:1      | Reached skill level 1 in Stealth
   391 | D:2      | Reached XP level 2. HP: 15/16 MP: 3/3
  1088 | D:4      | Noticed an ogre
  1092 | D:3      | Killed from afar by an orc wizard

Vault maps used:
D:1:      dpeg_arrival_simpleton_b
D:2:      minmay_roachtagon, minmay_tromino_v4_c
D:3:      chequers_big_river, hangedman_decor_points
D:4:      lemuel_round_altar, first_ration

Skill      XL: |  1 |
---------------+----+-----
Stealth        | 2 |  2.2
Fighting       | |  2.4
Short Blades   | |  2.3
Dodging        | |  4.4
Shields        | |  2.4

Action                   || total
-------------------------++-------
Melee: Rapier            ||    48
 Stab: Sleeping          ||     3
Armor: Robe              ||     5
Dodge: Dodged            ||    46
Block: Buckler           ||    23

Table legend:
 A = Spawn XP
 B = Non-spawn XP
 C = Spawn XP percentage of total XP
 D = Spawn monster count
 E = Non-spawn monster count
 F = Spawn count percentage of total count
 G = Total turns spent on level
                    A         B        C        D         E        F      G
               +---------+---------+-------+---------+---------+-------+---------
         Total |       0 |      20 |   0.0 |       0 |      15 |   0.0 |  1092
               +---------+---------+-------+---------+---------+-------+---------
           D:1 |       0 |      17 |   0.0 |       0 |      12 |   0.0 |   886
           D:2 |       0 |       3 |   0.0 |       0 |       3 |   0.0 |   171
               +---------+---------+-------+---------+---------+-------+---------
